AAA EAST
ALTOONA CURVE @ COLUMBUS CLIPPERS
07/12/2041
 
TOP OF THE 1ST
Altoona Curve batting - Pitching for Columbus Clippers : RHP Kevin Anderson
Pitching: RHP Kevin Anderson
Batting: SHB Ernesto Ramírez 0-0: Ball
1-0: Called Strike
1-1: Swinging Strike
1-2: Strikes out swinging
Batting: LHB Joe Myers 0-0: SOLO HOME RUN (Line Drive, 89XD, EV 111.9 MPH), Distance : 416 ft
Batting: RHB Bob Crousse 0-0: Ball
1-0: Ball
2-0: Ball
3-0: Base on Balls
Batting: SHB Bob Reville 0-0: Ball
1-0: Ball
2-0: Ball
3-0: Called Strike
3-1: Base on Balls
Bob Crousse to second
Batting: LHB Albert Hernández 0-0: Ball
1-0: Called Strike
1-1: Ball
2-1: Ball
3-1: Base on Balls
Bob Crousse to third
Bob Reville to second
Batting: RHB Josh Thompson 0-0: Foul Ball, location: 25FF
0-1: Called Strike
0-2: Foul Ball, location: 9LDF
0-2: Ball
1-2: Ball
2-2: Foul Ball, location: 2F
2-2: Grounds into double play, 4-6-3 (Groundball, 4M, EV 108.8 MPH)
Top of the 1st over - 1 run, 1 hit, 0 errors, 2 left on base; Altoona 1 - Columbus 0
BOTTOM OF THE 1ST
Columbus Clippers batting - Pitching for Altoona Curve : LHP Duane Copeland
Pitching: LHP Duane Copeland
Batting: RHB Ken Ladd 0-0: Foul Ball, location: 9LDF
0-1: Ball
1-1: Ground out 4-3 (Groundball, 4, EV 85.0 MPH)
Batting: RHB Tony Ávila 0-0: Ball
1-0: Foul Ball, location: 9LSF
1-1: Called Strike
1-2: Ball
2-2: Ball
3-2: Fly out, F9 (Line Drive, 89M, EV 93.1 MPH)
Batting: LHB José Fontanez 0-0: SINGLE (Groundball, 4MD, EV 107.5 MPH)
Batting: LHB Greg Curry 0-0: Ball
1-0: Ball
2-0: Called Strike
2-1: SINGLE (Line Drive, 89S, EV 87.5 MPH)
José Fontanez to second
Runner from 2nd tries for 3rd, SAFE after rundown.
Batting: RHB Rodrigo Ojeda 0-0: Swinging Strike
0-1: Ball
1-1: Ball
2-1: Foul Ball, location: 9LMF
2-2: Strikes out looking
Bottom of the 1st over - 0 runs, 2 hits, 0 errors, 2 left on base; Altoona 1 - Columbus 0
TOP OF THE 2ND
Altoona Curve batting - Pitching for Columbus Clippers : RHP Kevin Anderson
Batting: RHB Eric Simon 0-0: Ball
1-0: Ball
2-0: Ball
3-0: Base on Balls
Batting: RHB Raúl Diéguez 0-0: Called Strike
0-1: Ball
1-1: Ball
Eric Simon steals 2nd base (no throw)
2-1: Ground out 4-3 (Groundball, 4, EV 76.9 MPH)
Eric Simon to third
Batting: RHB Jim Unknown 0-0: Swinging Strike
0-1: Swinging Strike
0-2: Strikes out swinging
Batting: SHB Ernesto Ramírez 0-0: Ball
1-0: Foul Ball, location: 25FF
1-1: Ground out 5-3 (Groundball, 5, EV 99.4 MPH)
Top of the 2nd over - 0 runs, 0 hits, 0 errors, 1 left on base; Altoona 1 - Columbus 0
BOTTOM OF THE 2ND
Columbus Clippers batting - Pitching for Altoona Curve : LHP Duane Copeland
Batting: LHB Mike Hatfield 0-0: Foul Ball, location: 25FF
0-1: Called Strike
0-2: Ball
1-2: Foul Ball, location: 7LSF
1-2: Foul Ball, location: 2F
1-2: Ball
2-2: Strikes out swinging
Batting: RHB Ezequiel Alfaro 0-0: Ball
1-0: Ball
2-0: Ball
3-0: Base on Balls
Batting: RHB Leith Corkum 0-0: Ball
1-0: Ball
2-0: Ball
3-0: Called Strike
3-1: Base on Balls
Ezequiel Alfaro to second
Batting: RHB Tony Castro 0-0: Ball
1-0: Ball
2-0: Called Strike
2-1: Ball
Wild Pitch!
Ezequiel Alfaro to third
Leith Corkum to second
3-1: Called Strike
3-2: Base on Balls
Batting: RHB Ken Ladd 0-0: Fly out, F2 (Popup, 3SF, EV 81.3 MPH)
Batting: RHB Tony Ávila 0-0: Called Strike
0-1: Foul Ball, location: 3FF
0-2: Ball
1-2: Ball
2-2: Ball
3-2: SINGLE (Line Drive, 8LS, EV 98.8 MPH)
Ezequiel Alfaro scores
Leith Corkum to third
Tony Castro to second
Leith Corkum scores
Tony Castro to third
Batting: LHB José Fontanez 0-0: Ball
1-0: Foul Ball, location: 3FF
1-1: Foul Ball, location: 2F
1-2: Ball
2-2: Ball
3-2: Ground out 1-3 (Groundball, 13S, EV 68.1 MPH)
Bottom of the 2nd over - 2 runs, 1 hit, 0 errors, 2 left on base; Altoona 1 - Columbus 2
TOP OF THE 3RD
Altoona Curve batting - Pitching for Columbus Clippers : RHP Kevin Anderson
Batting: LHB Joe Myers 0-0: Ground out U3 (Groundball, 3, EV 101.9 MPH)
Batting: RHB Bob Crousse 0-0: Called Strike
0-1: Ball
1-1: Foul Ball, location: 2F
1-2: Fly out, F9 (Line Drive, 89M, EV 109.4 MPH)
Batting: SHB Bob Reville 0-0: Foul Ball, location: 2RF
0-1: Swinging Strike
0-2: Foul Ball, location: 3F
0-2: Ball
1-2: Ball
2-2: DOUBLE (Flyball, 8RXD, EV 90.0 MPH)
Batting: LHB Albert Hernández 0-0: Ball
1-0: Ground out 5-3 (Groundball, 56S, EV 62.5 MPH)
Top of the 3rd over - 0 runs, 1 hit, 0 errors, 1 left on base; Altoona 1 - Columbus 2
BOTTOM OF THE 3RD
Columbus Clippers batting - Pitching for Altoona Curve : LHP Duane Copeland
Batting: LHB Greg Curry 0-0: Ball
1-0: Ball
2-0: Ball
3-0: Foul Ball, location: 7LSF
3-1: Foul Ball, location: 7LMF
3-2: SINGLE (Flyball, 8RS, EV 93.8 MPH)
Batting: RHB Rodrigo Ojeda 0-0: Ground out 4-3 (Groundball, 34, EV 104.4 MPH)
Greg Curry to second
Batting: LHB Mike Hatfield 0-0: Ball
1-0: Ball
2-0: Ball
3-0: Called Strike
3-1: Base on Balls
Batting: RHB Ezequiel Alfaro 0-0: Ball
1-0: Foul Ball, location: 25FF
1-1: Ball
2-1: DOUBLE (Flyball, 8RXD, EV 100.6 MPH)
Greg Curry scores
Mike Hatfield to third
Runner from 3rd tries for Home, SAFE, throw by CF to trailing runner, SAFE at third!
Batting: RHB Leith Corkum 0-0: Ball
1-0: Ball
2-0: Ball
3-0: Base on Balls
Batting: RHB Tony Castro 0-0: Called Strike
0-1: Ball
1-1: Foul Ball, location: 23FF
1-2: Ball
2-2: DOUBLE (Flyball, 89D, EV 92.5 MPH)
Ezequiel Alfaro scores
Leith Corkum to third
Runner from 3rd tries for Home, SAFE, throw by RF to home
Pitching: RHP Dave Brooks
Batting: RHB Ken Ladd 0-0: Ball
1-0: Foul Ball, location: 2F
1-1: DOUBLE (Line Drive, 9LS, EV 93.8 MPH)
Tony Castro scores
Batting: RHB Tony Ávila 0-0: Ball
1-0: DOUBLE (Line Drive, 78XD, EV 104.4 MPH)
Ken Ladd scores
Batting: LHB José Fontanez 0-0: Called Strike
0-1: Ball
1-1: SINGLE (Line Drive, 9LS, EV 101.9 MPH)
Tony Ávila to third
Runner from 3rd tries for Home, SAFE, throw by RF to home
Batting: LHB Greg Curry 0-0: Fly out, F7 (Flyball, 7LMF, EV 87.5 MPH)
Batting: RHB Rodrigo Ojeda 0-0: Ball
1-0: Foul Ball, location: 9LDF
1-1: SINGLE (Groundball, P, EV 78.1 MPH) (infield hit)
José Fontanez to second
Batting: LHB Mike Hatfield 0-0: Called Strike
0-1: Ball
1-1: Foul Ball, location: 3F
1-2: Strikes out swinging
Bottom of the 3rd over - 7 runs, 7 hits, 0 errors, 2 left on base; Altoona 1 - Columbus 9
TOP OF THE 4TH
Altoona Curve batting - Pitching for Columbus Clippers : RHP Kevin Anderson
Batting: RHB Josh Thompson 0-0: Called Strike
0-1: Called Strike
0-2: Ball
1-2: Foul Ball, location: 3FF
1-2: Ball
2-2: Strikes out swinging
Batting: RHB Eric Simon 0-0: Ball
1-0: Called Strike
1-1: Fly out, F9 (Flyball, 9D, EV 85.0 MPH)
Batting: RHB Raúl Diéguez 0-0: Ball
1-0: Ball
2-0: Ball
3-0: Called Strike
3-1: Base on Balls
Batting: RHB Jim Unknown 0-0: Ball
1-0: Called Strike
1-1: Ball
2-1: Swinging Strike
2-2: Foul Ball, location: 2F
2-2: Strikes out looking
Top of the 4th over - 0 runs, 0 hits, 0 errors, 1 left on base; Altoona 1 - Columbus 9
BOTTOM OF THE 4TH
Columbus Clippers batting - Pitching for Altoona Curve : RHP Dave Brooks
Batting: RHB Ezequiel Alfaro 0-0: Foul Ball, location: 2LF
0-1: Fly out, F9 (Flyball, 89M, EV 95.0 MPH)
Batting: RHB Leith Corkum 0-0: Called Strike
0-1: Ball
1-1: Fly out, F8 (Flyball, 8RD, EV 98.1 MPH)
Batting: RHB Tony Castro 0-0: Ball
1-0: Swinging Strike
1-1: Called Strike
1-2: Strikes out swinging
Bottom of the 4th over - 0 runs, 0 hits, 0 errors, 0 left on base; Altoona 1 - Columbus 9
TOP OF THE 5TH
Altoona Curve batting - Pitching for Columbus Clippers : RHP Kevin Anderson
Batting: SHB Ernesto Ramírez 0-0: Called Strike
0-1: Ball
1-1: DOUBLE (Line Drive, 3D, EV 99.4 MPH)
Batting: LHB Joe Myers 0-0: Ball
1-0: Ball
2-0: Ball
3-0: Base on Balls
Batting: RHB Bob Crousse 0-0: Called Strike
0-1: SINGLE (Line Drive, 6D, EV 99.4 MPH)
Ernesto Ramírez to third
Joe Myers to second
Batting: SHB Bob Reville 0-0: Called Strike
0-1: Ball
1-1: Ball
Wild Pitch!
Ernesto Ramírez scores
Joe Myers to third
Bob Crousse to second
2-1: Foul Ball, location: 23F
2-2: Ball
3-2: Base on Balls
Batting: LHB Albert Hernández 0-0: Ball
1-0: Called Strike
1-1: Ball
2-1: Called Strike
2-2: Ball
3-2: Fly out, F8 (Flyball, 78M, EV 100.6 MPH)
Batting: RHB Josh Thompson 0-0: Called Strike
0-1: Ball
1-1: Called Strike
1-2: Fly out, F8 (Flyball, 8LM, EV 79.4 MPH)
Runner from 3rd tags up, OUT at HOME! 8-2
Top of the 5th over - 1 run, 2 hits, 0 errors, 2 left on base; Altoona 2 - Columbus 9
BOTTOM OF THE 5TH
Columbus Clippers batting - Pitching for Altoona Curve : RHP Dave Brooks
Batting: RHB Ken Ladd 0-0: Foul Ball, location: 9LSF
0-1: Called Strike
0-2: Ball
1-2: Ground out 3-1 (Groundball, 34, EV 101.3 MPH)
Batting: RHB Tony Ávila 0-0: Swinging Strike
0-1: Ball
1-1: Ball
2-1: Ball
3-1: Foul Ball, location: 5SF
3-2: Base on Balls
Batting: LHB José Fontanez 0-0: Ball
1-0: Called Strike
1-1: Grounds into double play, 4-6-3 (Groundball, 4, EV 80.0 MPH)
Bottom of the 5th over - 0 runs, 0 hits, 0 errors, 0 left on base; Altoona 2 - Columbus 9
TOP OF THE 6TH
Altoona Curve batting - Pitching for Columbus Clippers : RHP Kevin Anderson
Batting: RHB Eric Simon 0-0: Ground out 4-3 (Groundball, 4, EV 103.1 MPH)
Batting: RHB Raúl Diéguez 0-0: Ball
1-0: Called Strike
1-1: Ball
2-1: SOLO HOME RUN (Flyball, 9D, EV 95.6 MPH), Distance : 384 ft
Batting: RHB Jim Unknown 0-0: Ball
1-0: Ground out 5-3 (Groundball, 56S, EV 82.5 MPH)
Batting: SHB Ernesto Ramírez 0-0: Called Strike
0-1: Ball
1-1: Swinging Strike
1-2: Ball
2-2: Foul Ball, location: 2F
2-2: Ball
3-2: Ground out 5-3 (Groundball, 5, EV 88.1 MPH)
Top of the 6th over - 1 run, 1 hit, 0 errors, 0 left on base; Altoona 3 - Columbus 9
BOTTOM OF THE 6TH
Columbus Clippers batting - Pitching for Altoona Curve : RHP Dave Brooks
Batting: LHB Greg Curry 0-0: Ground out 1-3 (Groundball, P, EV 66.3 MPH)
Batting: RHB Rodrigo Ojeda 0-0: Ball
1-0: Foul Ball, location: 9LSF
1-1: SINGLE (Groundball, 4MD, EV 103.8 MPH)
Batting: LHB Mike Hatfield 0-0: Ball
1-0: Swinging Strike
1-1: Foul Ball, location: 7LSF
1-2: Foul Ball, location: 3F
1-2: Foul Ball, location: 2F
1-2: Ball
2-2: Ball
3-2: Base on Balls
Rodrigo Ojeda to second
Batting: RHB Ezequiel Alfaro 0-0: Swinging Strike
0-1: Ball
1-1: Foul Ball, location: 5FF
1-2: Ball
2-2: Fielders Choice at 2nd, 3-6 (Groundball, 34S, EV 91.3 MPH)
Rodrigo Ojeda to third
Batting: RHB Leith Corkum 0-0: Called Strike
0-1: SINGLE (Flyball, 8LS, EV 85.6 MPH)
Rodrigo Ojeda scores
Ezequiel Alfaro to second
Batting: RHB Tony Castro 0-0: Fly out, F8 (Flyball, 8RM, EV 83.1 MPH)
Bottom of the 6th over - 1 run, 2 hits, 0 errors, 2 left on base; Altoona 3 - Columbus 10
TOP OF THE 7TH
Altoona Curve batting - Pitching for Columbus Clippers : RHP Kevin Anderson
Pitching: RHP Alfredo Colón
Batting: LHB Joe Myers 0-0: Called Strike
0-1: Ball
1-1: Foul Ball, location: 2F
1-2: Strikes out looking
Batting: RHB Bob Crousse 0-0: Foul Ball, location: 2F
0-1: Ball
1-1: Ball
2-1: Foul Ball, location: 9LDF
2-2: Foul Ball, location: 9LDF
2-2: Ground out 4-3 (Groundball, 4, EV 86.9 MPH)
Batting: SHB Bob Reville 0-0: Swinging Strike
0-1: SOLO HOME RUN (Flyball, 9D, EV 111.3 MPH), Distance : 423 ft
Batting: LHB Albert Hernández 0-0: Called Strike
0-1: Ball
1-1: Swinging Strike
1-2: Ball
2-2: Strikes out swinging
Top of the 7th over - 1 run, 1 hit, 0 errors, 0 left on base; Altoona 4 - Columbus 10
BOTTOM OF THE 7TH
Columbus Clippers batting - Pitching for Altoona Curve : RHP Dave Brooks
Pitching: RHP Albert Martínez
Batting: RHB Ken Ladd 0-0: Ball
1-0: Foul Ball, location: 5F
1-1: Ball
2-1: Hit by Pitch
Batting: RHB Tony Ávila 0-0: Called Strike
0-1: Grounds into double play, 6-4-3 (Groundball, 6, EV 84.4 MPH)
Batting: LHB José Fontanez 0-0: Ball
1-0: Foul Ball, location: 5F
1-1: Foul Ball, location: 7LDF
1-2: Fly out, F8 (Flyball, 78D, EV 93.1 MPH)
Bottom of the 7th over - 0 runs, 0 hits, 0 errors, 0 left on base; Altoona 4 - Columbus 10
TOP OF THE 8TH
Altoona Curve batting - Pitching for Columbus Clippers : RHP Alfredo Colón
Batting: RHB Josh Thompson 0-0: Ball
1-0: Foul Ball, location: 2F
1-1: Swinging Strike
1-2: Ball
2-2: Strikes out looking
Pinch Hitting: LHB Juan Luis Guevara 0-0: Ball
1-0: Ground out 4-3 (Groundball, 4, EV 102.5 MPH)
Batting: RHB Raúl Diéguez 0-0: Called Strike
0-1: Ball
1-1: Swinging Strike
1-2: Strikes out swinging
Top of the 8th over - 0 runs, 0 hits, 0 errors, 0 left on base; Altoona 4 - Columbus 10
BOTTOM OF THE 8TH
Columbus Clippers batting - Pitching for Altoona Curve : RHP Albert Martínez
Now at 2B: Augusto Padilla
Batting: LHB Greg Curry 0-0: Ball
1-0: Called Strike
1-1: SINGLE (Groundball, 4MD, EV 93.8 MPH)
Batting: RHB Rodrigo Ojeda 0-0: Ball
1-0: Fly out, F7 (Line Drive, 78M, EV 88.8 MPH)
Batting: LHB Mike Hatfield 0-0: Called Strike
0-1: Foul Ball, location: 7LDF
0-2: Foul Ball, location: 7LDF
0-2: Ball
1-2: Ball
2-2: Foul Ball, location: 9LMF
2-2: Foul Ball, location: 3FF
2-2: Ball
3-2: DOUBLE (Line Drive, 7LS, EV 88.1 MPH)
Greg Curry to third
Pitching: RHP Joe Griffith
Batting: RHB Ezequiel Alfaro 0-0: Ball
1-0: Ball
2-0: Foul Ball, location: 23F
2-1: Foul Ball, location: 2F
2-2: Strikes out looking
Batting: RHB Leith Corkum 0-0: Ball
1-0: Ground out 5-3 (Groundball, 56, EV 82.5 MPH)
Bottom of the 8th over - 0 runs, 2 hits, 0 errors, 2 left on base; Altoona 4 - Columbus 10
TOP OF THE 9TH
Altoona Curve batting - Pitching for Columbus Clippers : RHP Alfredo Colón
Pinch Hitting: LHB Gene Norman 0-0: Swinging Strike
0-1: Ball
1-1: Fly out, F6 (Popup, 4MD, EV 46.3 MPH)
Batting: SHB Ernesto Ramírez 0-0: Ball
1-0: Ball
2-0: Foul Ball, location: 7LSF
2-1: Ground out 6-3 (Groundball, 6, EV 76.3 MPH)
Batting: LHB Joe Myers 0-0: Called Strike
0-1: Called Strike
0-2: Ball
1-2: DOUBLE (Line Drive, 9LM, EV 110.0 MPH)
Batting: RHB Bob Crousse 0-0: Ball
1-0: SINGLE (Groundball, 15, EV 73.1 MPH) (infield hit)
Joe Myers to third
Batting: SHB Bob Reville 0-0: Ball
1-0: Swinging Strike
1-1: Fly out, F7 (Flyball, 7S, EV 77.5 MPH)
Top of the 9th over - 0 runs, 2 hits, 0 errors, 2 left on base; Altoona 4 - Columbus 10
Monday, April 1st , 2024 - OOTP Baseball 24.10 Build 82